 Dungeon Crawl Stone Soup version 0.31-a0-1074-g0b22e4e0f1 (webtiles) character file.

Game seed: 12962067528039406246

64 Dittersdorf the Trooper (level 4, -1/29 HPs)
             Began as a Gargoyle Fighter on Nov 28, 2023.
             Killed by nerve-wracking pain
             ... invoked by Grinder
              (4 damage)
             ... on level 3 of the Dungeon.
             The game lasted 00:01:42 (2084 turns).

Dittersdorf the Trooper (Gargoyle Fighter)          Turns: 2084, Time: 00:01:42

Health: -1/29      AC: 13    Str: 21    XL:     4   Next: 12%
Magic:  4/4        EV:  7    Int:  9    God:
Gold:   99         SH:  4    Dex:  9    Spells: 3/3 levels left

rFire   . . .        a - +0 flail
rCold   . . .        c - +0 buckler
rNeg    + . .        j - +0 chain mail
rPois   ∞            (no helmet)
rElec   +            (no cloak)
rCorr   .            (no gloves)
SInv    .            (no boots)
Will    +....        (no amulet) Stlth
                     g - ring of willpower
HPRegen 0.24/turn    (no ring)
MPRegen 0.09/turn

%: no passive effects
@: no status effects
A: sickness immunity, AC +3, negative energy resistance 1, electricity
resistance, torment resistance 1, petrification resistance
a: no special abilities


You were on level 3 of the Dungeon.
You visited 1 branch of the dungeon, and saw 3 of its levels.

You collected 99 gold pieces.

Inventory:

Hand Weapons
 a - a +0 flail (weapon)
Armour
 c - a +0 buckler (worn)
 j - a +0 chain mail (worn)
Jewellery
 g - a ring of willpower (left hand)
Scrolls
 b - a scroll of revelation {unknown}
 e - 2 scrolls of identify {unknown}
 f - a scroll of vulnerability {unknown}
 h - a scroll of fear {unknown}
 i - 2 scrolls of fog {unknown}
 l - a scroll of silence {unknown}
 m - a scroll of teleportation {unknown}
 n - a scroll of immolation {unknown}
Potions
 d - a potion of might
 k - a potion of curing {unknown}


   Skills:
 + Level 3.9 Fighting
 + Level 2.6 Maces & Flails
 + Level 3.9 Armour
 + Level 3.9 Shields


You had 3 spell levels left.
You didn't know any spells.
Your spell library contained the following spells:

 Spells                   Type           Power      Damage    Failure   Level
 Freeze                   Ice            0%         1d3       98%         1
 Frozen Ramparts          Ice            0%         1d1       100%        3
 Hailstorm                Conj/Ice       0%         3d3       100%        3


Dungeon Overview and Level Annotations

Branches:
Dungeon (3/15)

Altars:
Yredelemnul

Annotations:
D:3 Grinder


Innate Abilities, Weirdness & Mutations

You are immune to sickness and miasma.
Your stone body is resilient. (AC +3)
You are immune to poison.
You resist negative energy. (rN+)
You are resistant to electric shocks. (rElec)
You are resistant to unholy torment.
You are immune to petrification.


Message History

You completely miss Grinder.
Grinder is almost dead.
Grinder hits you.
You writhe in agony.
You closely miss Grinder.
Grinder is almost dead.
Grinder blinks!
Grinder blinks!
Found a spear.
Grinder blinks!
Grinder blinks!
Grinder hits you but does no damage.
You closely miss Grinder.
Grinder is almost dead.
Grinder blinks!
Grinder gestures at you.
You suddenly lose the ability to move!
Grinder says, "There's only one good use for a tongue: cutting it out."
Grinder gestures at you. Pain shoots through your body!
* * * LOW HITPOINT WARNING * * *
Grinder says, "There's only one good use for a tongue: cutting it out."
You can move again.
Grinder gestures at you. Pain shoots through your body!
* * * LOW HITPOINT WARNING * * *
You barely miss Grinder.
Grinder is almost dead.
Grinder hits you but does no damage.
You hit Grinder.
Grinder is almost dead.
Grinder barely misses you.
You barely miss Grinder.
Grinder is almost dead.
Grinder hits you.
* * * LOW HITPOINT WARNING * * *
You writhe in agony.
* * * LOW HITPOINT WARNING * * *
Grinder gestures at you. Pain shoots through your body!
You die...
Grinder says, "Now the real fun starts!"

#)######## ##)#
#.#####..##
#$........#
#######...#####
#........#
#........#
##.....5..# ###
.........@..#.....
.........)....#
####.........##
###!##.##...#
#..... ##..#
####.#. ... #.) ##
.#. .


You could see Grinder.

Vanquished Creatures
  An adder (D:2)
  3 dart slugs
  7 bats
  3 endoplasms
  7 giant cockroaches
  4 hobgoblins
  4 kobolds
  A quokka (D:1)
  2 ball pythons (D:2)
  4 frilled lizards
  5 goblins
  6 rats
47 creatures vanquished.

Notes
Turn   | Place    | Note
-------+----------+-------------------------------------------
     0 | D:1      | Dittersdorf the Gargoyle Fighter began the quest for the
                  | Orb.
     0 | D:1      | Reached XP level 1. HP: 14/14 MP: 1/1
   285 | D:1      | Reached XP level 2. HP: 16/19 MP: 2/2
   653 | D:1      | Reached XP level 3. HP: 20/23 MP: 3/3
  1548 | D:2      | Found a basalt altar of Yredelemnul.
  1782 | D:2      | Reached XP level 4. HP: 19/29 MP: 4/4
  2010 | D:3      | Found a faded altar of an unknown god.
  2024 | D:3      | Noticed Grinder
  2051 | D:3      | Paralysed by Grinder for 2 turns
  2078 | D:3      | Paralysed by Grinder for 3 turns
  2084 | D:3      | Killed from afar by Grinder

Illustrated notes

Levels and vault maps discovered:
D:1:      minmay_arrival_widening_spiral_narrow, layout_loops_corners,
          minmay_surrounded
D:2:      layout_loops_ring, basic_altar, minmay_split_cup_large
D:3:      due_chaos_kobolds, layout_rooms, lemuel_crystal_altar,
          shapermc_ecumenical_altar_pompeii, uniq_crazy_yiuf_cottage,
          uniq_grinder

Action                     |  1- 3 |  4- 6 || total
---------------------------+-------+-------++-------
  Melee: Flail             |   133 |    52 ||   185
 Armour: Scale mail        |    71 |       ||    71
         Chain mail        |    38 |    41 ||    79
  Dodge: Dodged            |    74 |    19 ||    93
  Block: Buckler           |    45 |     6 ||    51

Table legend: (Time is in decaauts)
 A = Elapsed time spent in this place.
 B = Non-inter-level travel time spent in this place.
 C = Inter-level travel time spent in this place.
 D = Time resting spent in this place.
 E = Time spent auto-exploring this place.
 F = Levels seen in this place.
 G = Mean time per level.
                   A        B        C        D        E       F      G
               +--------+--------+--------+--------+--------+-----+--------+
         Total |   2142 |   2079 |     63 |      0 |   1660 |   3 |  714.0 |
       Dungeon |   2142 |   2079 |     63 |      0 |   1660 |   3 |  714.0 |
               +--------+--------+--------+--------+--------+-----+--------+

Top non-repeatable levels by time:
     D:1: 1148 daAuts
     D:2: 886 daAuts
     D:3: 106 daAuts
